 Dungeon Crawl Stone Soup version 0.32-a0-834-geaf45d8e21 (webtiles) character file.

Game seed: 13726207816785401549

65 Klosterheim the Digger (level 3, -1/16 HPs)
             Began as a Spriggan Earth Elementalist on Mar 25, 2024.
             Slain by an adder (3 damage)
             ... on level 2 of the Dungeon.
             The game lasted 00:05:01 (1177 turns).

Klosterheim the Digger (SpEE)                       Turns: 1177, Time: 00:05:02

Health: -1/16      AC:  2    Str:  4    XL:     3   Next: 92%
Magic:  7/8        EV: 16    Int: 18    God:
Gold:   64         SH:  0    Dex: 15    Spells: 4/8 levels left

rFire   . . .        j - +0 dagger (venom)
rCold   . . .        (no shield)
rNeg    . . .        a - +0 robe
rPois   .            (helmet restricted)
rElec   .            (no cloak)
rCorr   .            (gloves unavailable)
SInv    +            (boots unavailable)
Will    .....        l - amulet of magic regeneration
Stlth   ++           d - ring of flight
HPRegen 0.22/turn    (no ring)
MPRegen 0.51/turn

%: no passive effects
@: lethally poisoned (-1 -> -7), flying, very quick
A: very small, no large weapons, unfitting armour, see invisible, speed 3
a: no special abilities


You were on level 2 of the Dungeon.
You visited 1 branch of the dungeon, and saw 2 of its levels.

You collected 84 gold pieces.
You spent 20 gold pieces at shops.

Inventory:

Hand Weapons
 j - a +0 dagger of venom (weapon)
Armour
 a - a +0 robe (worn)
Jewellery
 d - a ring of flight (left hand)
 l - an amulet of magic regeneration (around neck)
Talismans
 g - a granite talisman
Scrolls
 c - 3 scrolls of identify
 e - a scroll of revelation {unknown}
 h - a scroll of vulnerability {unknown}
 k - a scroll of silence {unknown}
Potions
 b - a potion of magic
 f - a potion of resistance {unknown}
 i - a potion of attraction {unknown}


   Skills:
 + Level 2.8 Dodging
 + Level 3.3 Stealth
 - Level 3.0 Spellcasting
 * Level 1.1 Conjurations
 - Level 4.0 Earth Magic


You had 4 spell levels left.
You knew the following spells:

 Your Spells              Type           Power      Damage    Failure   Level
a - Sandblast             Erth           34%        2d9       3%          1
b - Stone Arrow           Conj/Erth      24%        3d8       17%         3

Your spell library contained the following spells:

 Spells                   Type           Power      Damage    Failure   Level
 Passwall                 Erth           17%        N/A       10%         3
 Static Discharge         Conj/Air       8%         3-4/arc   19%         2
 Brom's Barrelling Bould  Conj/Erth      12%        2d4       50%         4
 Petrify                  Alch/Erth      9%         N/A       56%         4
 Airstrike                Air            1%         2d(1-17)  85%         4
 Summon Lightning Spire   Summ/Air       2%         N/A       85%         4


Dungeon Overview and Level Annotations

Branches:
Dungeon (2/15)

Altars:

Shops:
D:1 *


Innate Abilities, Weirdness & Mutations

You are very small and have problems with some larger weapons.
You are too small for most types of armour.
You have supernaturally acute eyesight. (SInv)
You cover ground extremely quickly. (Speed+++)


Message History

No target in view!
No target in view!
HP restored.
l - an amulet of magic regeneration You now have 64 gold pieces (gained 5).
There is an escape hatch in the floor here.
An adder comes into view.
The adder hisses angrily.
You start putting on your amulet.
You continue putting on your amulet of magic regeneration. x5
The adder completely misses you.
You finish putting on your amulet of magic regeneration.
l - an amulet of magic regeneration (around neck)
The amulet throbs as it attunes itself to your body.
Aiming: Sandblast (safe; 3% risk of failure)
Press: ? - help, Q - select action Shift-Dir - straight line, f - adder
Aim: an adder (70% to hit)
The blast of sand misses the adder.
The adder bites you.
You are poisoned.
The adder poisons you! The adder bites you.
You are lethally poisoned!
The adder poisons you!
Aiming: Sandblast (safe; 3% risk of failure)
Press: ? - help, Q - select action Shift-Dir - straight line, f/p - adder
Aim: an adder (70% to hit)
The blast of sand hits the adder.
The adder is lightly wounded.
* * * LOW HITPOINT WARNING * * *
You feel very sick. The adder barely misses you.
Aiming: Sandblast (safe; 3% risk of failure)
Press: ? - help, Q - select action Shift-Dir - straight line, f/p - adder
Aim: an adder (lightly wounded, 70% to hit)
The blast of sand hits the adder!
The adder is almost dead.
* * * LOW HITPOINT WARNING * * *
You feel very sick. The adder bites you.
You die...

.#...#.# #.####....
.#...#...####.........
..#...#†.#.........##
.#...#....#.##.######
.#...#...#.......#
...#...#....##).##
#...#...#...†.##
#...#...†.###
.#S@>#>.†.#
#...#####.## #.....
#..# ...#### ####.# ..
##....## # ##......##
#.)......# #....†††.#
#........#


You could see an adder.

Vanquished Creatures
  2 adders (D:2)
  2 dart slugs
  6 bats
  15 giant cockroaches
  2 hobgoblins (D:2)
  5 kobolds
  2 quokkas
  2 ball pythons
  2 frilled lizards
38 creatures vanquished.

Notes
Turn   | Place    | Note
-------+----------+-------------------------------------------
     0 | D:1      | Klosterheim the Spriggan Earth Elementalist began the quest
                  | for the Orb.
     0 | D:1      | Reached XP level 1. HP: 9/9 MP: 5/5
   104 | D:1      | Reached skill level 3 in Earth Magic
   228 | D:1      | Found Zuritwace's General Store.
   231 | D:1      | Bought a scroll of identify for 20 gold pieces
   586 | D:1      | Reached XP level 2. HP: 13/13 MP: 4/6
   878 | D:2      | Reached XP level 3. HP: 16/16 MP: 6/8
   882 | D:2      | Learned a level 3 spell: Stone Arrow
   965 | D:2      | Reached skill level 1 in Conjurations
  1126 | D:2      | Reached skill level 4 in Earth Magic
  1177 | D:2      | Slain by an adder

Illustrated notes

Levels and vault maps discovered:
D:1:      tarquinn_simple_flora_water_a, layout_loops_ring, serial_shops,
          nicolae_shop_real_fake_doors
D:2:      minmay_roachtagon, layout_basic, minmay_misc_feat_encased, hex_large

Skill      XL: |  1  2  3 |
---------------+----------+-----
Earth Magic    | 3 4 |  4.0
Conjurations   | 1 |  1.1
Spellcasting   | 3 |  3.0
Dodging        | |  2.8
Stealth        | |  3.3

Action                     || total
---------------------------++-------
  Melee: Unarmed           ||     7
         Dagger            ||    15
   Cast: Sandblast         ||    46
 Armour: Robe              ||    18
  Dodge: Dodged            ||    35

Table legend: (Time is in decaauts)
 A = Elapsed time spent in this place.
 B = Non-inter-level travel time spent in this place.
 C = Inter-level travel time spent in this place.
 D = Time resting spent in this place.
 E = Time spent auto-exploring this place.
 F = Levels seen in this place.
 G = Mean time per level.
                   A        B        C        D        E       F      G
               +--------+--------+--------+--------+--------+-----+--------+
         Total |    935 |    890 |     45 |     51 |    674 |   2 |  467.5 |
       Dungeon |    935 |    890 |     45 |     51 |    674 |   2 |  467.5 |
               +--------+--------+--------+--------+--------+-----+--------+

Top non-repeatable levels by time:
     D:1: 612 daAuts
     D:2: 322 daAuts
